 Dungeon Crawl Stone Soup version 0.27.0-1-g7a089689b8 (webtiles) character file.

Game seed: 14802167603785931897

434449 fiver49 the Warrior (level 22, 0/201 HPs)
             Began as a Red Draconian Brigand on Aug 15, 2021.
             Was a High Priest of Sif Muna.
             Slain by a tengu reaver (4 damage)
             ... on level 5 of the Depths.
             The game lasted 04:24:22 (83335 turns).

fiver49 the Warrior (Red Draconian Brigand)        Turns: 83335, Time: 04:24:22

Health: 0/201      AC: 21    Str: 19 (20) XL:     22   Next: 90%
Magic:  39/39      EV: 23    Int: 18      God:    Sif Muna [*****.]
Gold:   2639       SH:  9    Dex: 21      Spells: 2/48 levels left

rFire    + + .     SeeInvis +   b - +5 double sword (venom)
rCold    + . .     Faith    .   L - +3 warlock's mirror {reflect}
rNeg     . . .     Spirit   .   (armour unavailable)
rPois    +         Reflect  +   H - +2 hat {Will+}
rElec    +         Harm     .   w - +2 cloak of Zeraop {Drain rElec rC+ Stlth+}
rCorr    .         Rampage  .   Q - +3 pair of gloves "Zioruk" {Int+3}
Will     +++..                  T - +0 pair of boots of Lies {rElec Will+ Dex+8}
Stlth    +++.......             x - amulet of magic regeneration
HPRegen  0.43/turn              N - ring of poison resistance
MPRegen  0.51/turn              l - ring "Akkur" {rElec rF+ SInv}

@: silenced, hasted, studying Transmutations, very quick
A: breathe fire, AC +11, unfitting armour, fire resistance 1, cold-blooded,
stinger 1, deterioration 1, screaming 2, subdued magic 1
}: 2/15 runes: decaying, gossamer
a: Breathe Fire, Renounce Religion


You were on level 5 of the Depths.
You worshipped Sif Muna.
Sif Muna was extremely pleased with you.
You visited 8 branches of the dungeon, and saw 41 of its levels.
You also visited: Sewer.

You collected 5434 gold pieces.
You spent 2795 gold pieces at shops.

Inventory:

Hand Weapons
 b - a +5 double sword of venom (weapon)
   (You acquired it on level 2 of the Spider Nest)
Missiles
 d - 10 curare-tipped darts
 j - 28 boomerangs
 m - 19 poisoned darts (quivered)
 v - 16 javelins
 J - 2 throwing nets
Armour
 w - the +2 cloak of Zeraop (worn) {Drain rElec rC+ Stlth+}
   (You found it on level 4 of the Depths)

   rC:        It protects you from cold.
   rElec:     It insulates you from electricity.
   Drain:     It drains your maximum health when unequipped.
   Stlth:     It makes you more stealthy.
 H - a +2 hat of willpower (worn)
   (You took it off Gastronok on level 11 of the Dungeon)
 L - the +3 warlock's mirror (worn) {reflect}
   (You acquired it on level 1 of the Swamp)

   It can block and reflect piercing ranged attacks and magical attacks against
   the wielder's willpower.
 Q - the +3 pair of gloves "Zioruk" (worn) {Int+3}
   (You found it on level 8 of the Dungeon)

   Int:       It affects your intelligence (+3).
 T - the +0 pair of boots of Lies (worn) {rElec Will+ Dex+8}
   (You found it on level 9 of the Dungeon)

   Dex:       It affects your dexterity (+8).
   rElec:     It insulates you from electricity.
   Will:      It increases your willpower.
Jewellery
 a - a +4 ring of protection
   (You took it off a tengu warrior on level 1 of the Depths)
 f - a ring of protection from fire
   (You took it off an orc on level 9 of the Dungeon)
 l - the ring "Akkur" (right hand) {rElec rF+ SInv}
   (You bought it in a shop on level 5 of the Dungeon)

   [ring of see invisible]

   rF:        It protects you from fire.
   rElec:     It insulates you from electricity.
   SInv:      It lets you see invisible.
 x - an amulet of magic regeneration (around neck)
   (You found it on level 1 of the Spider Nest)
 z - a ring of wizardry
   (You found it on level 1 of the Spider Nest)
 A - the ring "Ytweony" {Fire rCorr Slay+5 Stlth+}
   (You found it on level 5 of the Dungeon)

   [ring of fire]

   It enhances your fire magic.
   Slay:      It affects your accuracy & damage with ranged weapons and melee
   (+5).
   rF:        It protects you from fire.
   rC:        It makes you vulnerable to cold.
   rCorr:     It protects you from acid and corrosion.
   Stlth:     It makes you more stealthy.
 E - the ring "Qanaj" {rCorr Int+4 Dex+4}
   (You found it on level 5 of the Dungeon)

   [ring of resist corrosion]

   Int:       It affects your intelligence (+4).
   Dex:       It affects your dexterity (+4).
   rCorr:     It protects you from acid and corrosion.
 I - a ring of protection from cold
   (You bought it in a shop on level 5 of the Dungeon)
 N - a ring of poison resistance (left hand)
   (You found it on level 2 of the Spider Nest)
 S - the ring "Bomn" {Will+ Int+3}
   (You found it on level 8 of the Dungeon)

   [ring of willpower]

   Int:       It affects your intelligence (+3).
   Will:      It increases your willpower.
 W - a ring of flight
   (You found it on level 10 of the Dungeon)
 Y - a ring of positive energy
   (You found it on level 2 of the Lair of Beasts)
Wands
 i - a wand of acid (28)
   (You took it off Erolcha on level 13 of the Dungeon)
 y - a wand of polymorph (48)
   (You found it on level 4 of the Dungeon)
 K - a wand of iceblast (28)
   (You found it on level 2 of the Spider Nest)
 V - a wand of digging (24)
   (You found it on level 11 of the Dungeon)
 Z - a wand of mindburst (27)
   (You found it on level 12 of the Dungeon)
Scrolls
 o - 4 scrolls of fog
 p - a scroll of holy word
 q - 3 scrolls of magic mapping
 B - 3 scrolls of immolation
 C - 2 scrolls of amnesia
 D - 3 scrolls of teleportation
 M - a scroll of silence
 O - 2 scrolls of vulnerability
 R - 5 scrolls of enchant armour
 X - a scroll of summoning
Potions
 c - 2 potions of cancellation
 e - 5 potions of lignification
 g - a potion of flight
 h - 3 potions of berserk rage
 r - 5 potions of magic
 s - a potion of invisibility
 t - 4 potions of brilliance
 u - 2 potions of attraction
 F - 2 potions of mutation
 G - 4 potions of might
 P - 3 potions of haste
 U - 9 potions of resistance


   Skills:
 + Level 17.8 Fighting
 - Level 10.0(13.6) Short Blades
 - Level 15.0(16.0) Long Blades
 - Level 1.7 Throwing
 - Level 15.0 Dodging
 - Level 5.0 Stealth
 - Level 4.0 Shields
 + Level 13.5 Spellcasting
 + Level 14.9 Conjurations
 - Level 3.0 Summonings
 + Level 12.0 Transmutations
 + Level 12.7 Fire Magic
 - Level 14.0 Air Magic
 + Level 4.3 Earth Magic
 - Level 5.0 Poison Magic
 - Level 9.0 Invocations


You had 2 spell levels left.
You knew the following spells:

 Your Spells              Type           Power      Damage    Failure   Level
a - Ignite Poison         Fire/Tmut/Pois 36%        N/A       1%          3
b - Bolt of Magma         Conj/Fire/Erth 19%        4d10      1%          5
c - Starburst             Conj/Fire      23%        8x6d8     2%          6
d - Statue Form           Tmut/Erth      21%        N/A       26%         6
e - Swiftness             Air            48%        N/A       1%          3
f - Airstrike             Air            24%        N/A       1%          4
g - Lightning Bolt        Conj/Air       24%        1d40      1%          5
h - Summon Lightning Spi  Summ/Air       33%        N/A       1%          4
i - Irradiate             Conj/Tmut      23%        3d21      1%          5
j - Fireball              Conj/Fire      23%        3d11      1%          5

Your spell library contained the following spells:

 Spells                   Type           Power      Damage    Failure   Level
 Foxfire                  Conj/Fire      100%       2x1d9     0%          1
 Magic Dart               Conj           100%       1d8       0%          1
 Shock                    Conj/Air       100%       1d9       0%          1
 Searing Ray              Conj           100%       3d7       0%          2
 Static Discharge         Conj/Air       49%        N/A       0%          2
 Beastly Appendage        Tmut           84%        N/A       1%          1
 Sting                    Tmut/Pois      100%       1d8       1%          1
 Summon Small Mammal      Summ           68%        N/A       1%          1
 Call Imp                 Summ           17%        N/A       1%          2
 Corpse Rot               Necr/Air       N/A        N/A       1%          2
 Passwall                 Tmut/Erth      26%        N/A       1%          2
 Poisonous Vapours        Pois/Air       70%        N/A       1%          2
 Wereblood                Tmut           42%        N/A       1%          2
 Animate Skeleton         Necr           18%        N/A       4%          1
 Corona                   Hex            10%        N/A       4%          1
 Ensorcelled Hibernation  Hex/Ice        18%        N/A       7%          2
 Slow                     Hex            9%         N/A       7%          2
 Sublimation of Blood     Necr           4%         N/A       7%          2
 Conjure Flame            Conj/Fire      47%        6-21      1%          3
 Dazzling Flash           Conj/Hex       60%        N/A       1%          3
 Inner Flame              Hex/Fire       27%        N/A       1%          3
 Mephitic Cloud           Conj/Pois/Air  40%        N/A       1%          3
 Spider Form              Tmut/Pois      16%        N/A       1%          3
 Stone Arrow              Conj/Erth      72%        3d11      1%          3
 Fulminant Prism          Conj/Hex       15%        3d11      1%          4
 Hailstorm                Conj/Ice       30%        3d8       1%          4
 Iskenderun's Mystic Bla  Conj/Tloc      30%        2d8       1%          4
 Sticky Flame             Conj/Fire      47%        2d6       1%          4
 Blade Hands              Tmut           21%        N/A       1%          5
 Iskenderun's Battlesphe  Conj           50%        2d10      1%          5
 Conjure Ball Lightning   Conj/Air       24%        3x3d7     1%          6
 Freezing Cloud           Conj/Ice/Air   18%        6-21      2%          5
 Alistair's Intoxication  Tmut/Pois      22%        N/A       3%          5
 Olgreb's Toxic Radiance  Pois           23%        N/A       5%          4
 Silence                  Hex/Air        14%        N/A       7%          5
 Orb of Destruction       Conj           25%        9d10      9%          7
 Yara's Violent Unravell  Hex/Tmut       13%        3d7       11%         5
 Confusing Touch          Hex            9%         N/A       14%         3
 Frozen Ramparts          Ice            18%        1d3       14%         3
 Gell's Gravitas          Tloc           4%         N/A       14%         3
 Ozocubu's Armour         Ice            9%         N/A       14%         3
 Portal Projectile        Hex/Tloc       18%        N/A       14%         3
 Teleport Other           Tloc           9%         N/A       14%         3
 Tukima's Dance           Hex            9%         N/A       14%         3
 Leda's Liquefaction      Hex/Erth       7%         N/A       19%         4
 Storm Form               Tmut/Air       22%        N/A       19%         7
 Eringya's Noxious Bog    Tmut/Pois      16%        N/A       22%         6
 Summon Ice Beast         Ice/Summ       13%        N/A       26%         4
 Dispel Undead            Necr           9%         3d8       45%         4
 Passage of Golubria      Tloc           N/A        N/A       45%         4
 Borgnjor's Vile Clutch   Necr/Erth      7%         N/A       50%         5
 Summon Forest            Summ/Tloc      6%         N/A       58%         5
 Summon Mana Viper        Hex/Summ       13%        N/A       58%         5
 Spellforged Servitor     Conj/Summ      17%        N/A       71%         7
 Maxwell's Capacitive Co  Air            24%        ∞         71%         8
 Excruciating Wounds      Necr           4%         N/A       80%         5
 Metabolic Englaciation   Hex/Ice        4%         N/A       80%         5
 Ignition                 Fire           22%        3d8       87%         8
 Shadow Creatures         Summ           N/A        N/A       92%         6
 Dispersal                Tloc           4%         N/A       100%        6
 Invisibility             Hex            4%         N/A       100%        6
 Simulacrum               Ice/Necr       4%         N/A       100%        6
 Haunt                    Necr/Summ      6%         N/A       100%        7
 Monstrous Menagerie      Summ           8%         N/A       100%        7
 Summon Hydra             Summ           8%         N/A       100%        7
 Borgnjor's Revivificati  Necr           4%         N/A       100%        8
 Summon Horrible Things   Summ           8%         N/A       100%        8
 Chain Lightning          Conj/Air       24%        3d32      100%        9
 Fire Storm               Conj/Fire      23%        8d6       100%        9


Dungeon Overview and Level Annotations

Branches:
Dungeon (15/15)            Temple (1/1) D:5            Lair (6/6) D:10
  Swamp (4/4) Lair:2       Spider (4/4) Lair:3        Slime (0/5) Lair:5
    Orc (2/2) D:11            Elf (0/3) Orc:2        Vaults (4/5) D:13
  Crypt (0/3) Vaults:3     Depths (5/5) D:15          Sewer (visited)
    Zot: Depths:5

Altars:
Ashenzari
Cheibriados
Dithmenos
Elyvilon
Fedhas
Gozag
Hepliaklqana
Kikubaaqudgha
Makhleb
Nemelex Xobeh
Okawaru
Qazlal
Ru
Sif Muna
Trog
Uskayaw
Vehumet
Wu Jian
Xom
Yredelemnul
The Shining One

Shops:
D:4 [   D:5 =   D:15 *   Orc:1 :[   Orc:2 [**[   Vaults:3 [

Portals:
Hell: Depths:1 Depths:2 Depths:3 Depths:4 Depths:5
Abyss: Depths:4
Pandemonium: Depths:2 Depths:3 Depths:4
Ziggurat: Depths:2

Annotations:
D:5 2 runed translucent doors
Lair:3 2 transporters
Lair:4 3 runed translucent doors, Lutiheq's ghost, journeyman DrTm


Innate Abilities, Weirdness & Mutations

You can breathe blasts of fire.
Your fiery red scales are hard. (AC +11)
You cannot fit into any form of body armour.
Your flesh is heat resistant. (rF+)
You are cold-blooded and may be slowed by cold attacks.
Your tail ends in a poisonous barb.
Your body sometimes deteriorates upon taking damage.
You frequently scream uncontrollably at your foes.
Your spells are a little easier to cast, but a little less powerful.


Message History

You reflect the large rock off your +3 warlock's mirror {reflect}!
The large rock hits the stone giant!
The hell knight points at you and mumbles some strange words.
The bolt of fire hits you! You resist.
* * * LOW HITPOINT WARNING * * *
The hell knight mumbles some strange words.
The hell knight blinks!
The hell knight points at you and mumbles some strange words.
The bolt of fire hits you! You resist.
* * * LOW HITPOINT WARNING * * *
The stone giant throws a large rock.
You reflect the large rock off your +3 warlock's mirror {reflect}!
The large rock hits the stone giant!!!
You hear a horrible gurgling sound!
Okay, then.
Your surroundings seem slightly different.
A tentacled monstrosity comes into view.
As you read the scroll of teleportation, it crumbles to dust.
You feel strangely unstable.
The black draconian breathes lightning at you.
The bolt of lightning misses you.
A white draconian comes into view. It is wielding a +0 war axe.
The white draconian roars!
The great orb of eyes turns its gaze towards you.
You hear a roar!
A black draconian comes into view. It is wielding a +0 glaive.
Your surroundings suddenly seem different.
Splash!
You fall into the shallow water.
Moving in this stuff is going to be slow.
You hear a roar!
An ice dragon comes into view.
You scream at the ice dragon!
You hear a roar! x2; You hear a shout!
As you read the scroll of teleportation, it crumbles to dust.
You feel strangely unstable.
The white draconian breathes frost at you.
The blast of cold hits you. You resist.
* * * LOW HITPOINT WARNING * * *
The black draconian breathes lightning at you.
The bolt of lightning hits you! You resist.
* * * LOW HITPOINT WARNING * * *
Unknown command.
Okay, then.
You can't memorise that many levels of magic yet!
Unknown command.
Unknown command.
Okay, then.
You fail to use your ability.
Your surroundings suddenly seem different.
You start resting.
A tengu reaver comes into view.
It is wielding a +1 great mace of holy wrath.
The stone giant shouts!
You hear a horrible gurgling sound! x2
The stone giant barely misses you.
You riposte.
You hit the stone giant.
The stone giant is poisoned.
The stone giant is lightly wounded.
You barely miss the stone giant.
The stone giant is lightly wounded.
The stone giant hits you but does no damage.
The stone giant throws a large rock.
The large rock hits you but does no damage.
The stone giant throws a large rock.
The large rock misses you.
Found a cloak.
As you read the scroll of fog, it crumbles to dust.
The scroll dissolves into smoke.
You slice the stone giant!!
The stone giant looks as sick as possible!
The stone giant is heavily wounded.
You hear a shout!
You hear a roar!
The stone giant barely misses you.
You riposte.
You hit the stone giant.
You tail-slap the stone giant, but do no damage.
The stone giant is heavily wounded.
Casting: Starburst (mildly dangerous; 2% risk of failure)
Confirm with . or Enter, or press ? or * to list all spells.
You ignite the poison in your surroundings!
The stone giant seems to burn from within!!!
You kill the stone giant!
Sif Muna accepts your kill.
You start resting.
A tengu reaver is nearby!
Press: ? - help, v - describe, . - travel
Here: a tengu reaver, wielding a +1 great mace of holy wrath and wearing a +0 ring mail The floor.
Unknown command.
As you read the scroll of silence, it crumbles to dust.
A profound silence engulfs you. The tengu reaver completely misses you.
The tengu reaver pecks you but does no damage.
The tengu reaver barely misses you.
You see here a ring of fire.
The tengu reaver hits you with a +1 great mace of holy wrath!
* * * LOW HITPOINT WARNING * * *
The tengu reaver misses you. The tengu reaver claws you!
* * * LOW HITPOINT WARNING * * *
Press: ? - help, v - describe, . - travel
Here: a tengu reaver, wielding a +1 great mace of holy wrath and wearing a +0 ring mail (silenced)
The floor.
You feel yourself speed up.
The tengu reaver hits you with a +1 great mace of holy wrath.
You die...

....#.#####.###....'.+
+.#..#.# ..y...
#.##.....#.# #.#..∩.#
##..#....##'.. .+##.###
#........#.###'# #.#
..###...##.#(###....# #.#
.........=.#.............
........####....#. . ..
###...#.####....#.# .....
#.q.Q@§....... ###.
#######..##.#. .. ..# #
## .Q.[ ..... #.#### .#


You could see a yellow draconian monk and a tengu reaver.

Vanquished Creatures
  Saint Roka (Orc:1)
  Margery (Depths:5)
  4 golden dragons
  the Enchantress (Depths:2)
  2 tentacled monstrosities
  6 liches
  2 sphinxes
  A thorn hunter (Swamp:4)
  3 shadow dragons
  Gastronok (D:11)
  Kirke (Lair:5)
  Donald (Swamp:2)
  2 tengu reavers
  3 draconian monks (Depths:5)
  A fenstrider witch (Swamp:3)
  10 frost giants
  11 vault wardens
  4 fire giants
  3 ghost moths
  A draconian scorcher (Depths:5)
  3 spectral caustic shrikes (Depths:2)
  A ghoul (Vaults:3)
  11 emperor scorpions
  An orc warlord (Vaults:1)
  3 spriggan defenders (Depths:2)
  21 very ugly things
  14 ironbound preservers
  10 stone giants
  3 vampire knights
  A war gargoyle (Vaults:4)
  A reaper (Depths:3)
  A green draconian (Depths:5)
  2 bunyips
  9 spark wasps
  2 black draconians (Depths:5)
  5 dire elephants
  5 entropy weavers
  2 eleionomae (Swamp:3)
  8 ettins
  A blizzard demon (Depths:1)
  Josephine (Orc:1)
  28 slime creatures
  3 green deaths
  5 shambling mangroves
  7 yaktaur captains
  28 hydras
  10 fire dragons
  8 great orbs of eyes
  12 vault guards
  2 peacekeepers
  Erolcha (D:13)
  5 spriggan air magi
  7 ironbound thunderhulks
  4 ice dragons
  10 boulder beetles
  Harold (D:7)
  3 rakshasas
  A catoblepas (Lair:6)
  6 ghost crabs
  3 ogre magi
  26 centaur warriors
  2 death knights (D:14)
  2 hell beasts (Depths:1)
  9 ironbound frosthearts
  2 death yaks (Lair:2)
  16 two-headed ogres
  4 tengu warriors
  2 vampire magi
  Urug (D:11)
  8 alligators
  4 deep troll earth magi
  4 deep troll shamans
  A hell hog (Depths:3)
  An orc high priest (Orc:1)
  4 ironbound beastmasters
  3 spriggan berserkers
  7 hell knights
  8 iron trolls
  3 soul eaters
  3 goliath frogs
  2 death drakes (Depths:5)
  2 glowing orange brains
  A salamander mystic (Depths:3)
  64 deep trolls
  2 bog bodies
  3 spectral hydras
  A flayed ghost (Swamp:4)
  6 spriggan druids
  4 lindwurms
  10 swamp dragons
  10 necromancers
  8 wizards
  18 ironbound convokers
  4 orc knights
  3 deep elf pyromancers
  16 orb spiders
  4 harpies (Vaults:2)
  3 salamanders
  30 wolf spiders
  46 ugly things
  A cyclops (Orc:1)
  5 will-o-the-wisps
  5 oklob plants
  18 elephants
  2 manticores
  2 moths of wrath (Spider:4)
  14 black mambas
  A black mamba (shapeshifter) (D:14)
  An eye of devastation (shapeshifter) (D:12)
  A titan simulacrum (Vaults:4)
  2 gargoyles
  16 vault sentinels
  3 molten gargoyles (Lair:6)
  An unseen horror (shapeshifter) (D:12)
  5 torpor snails
  A smoke demon (Depths:3)
  6 rime drakes
  12 komodo dragons
  12 cane toads
  A human zombie (Vaults:4)
  2 freezing wraiths
  A rime drake (shapeshifter) (Depths:1)
  An unseen horror (D:10)
  8 demonic crawlers
  3 hellwings (Depths:5)
  An efreet (D:13)
  12 yaktaurs
  A hydra zombie (Swamp:4)
  A death drake zombie (Swamp:4)
  2 tengu conjurers
  44 jumping spiders
  5 tyrant leeches
  2 hydra skeletons (Swamp:4)
  A meliai (D:12)
  23 hornets
  A hornet (shapeshifter) (D:15)
  A nameless horror (Spider:4)
  8 trolls
  27 blink frogs
  Grinder (D:6)
  2 death drake skeletons (Swamp:4)
  2 centaur simulacra
  99 redbacks
  19 spriggans
  28 tarantellas
  A vampire (D:13)
  9 wraiths
  57 yaks
  6 water elementals
  Eustachio (D:6)
  8 basilisks
  A hog (Lair:6)
  10 wyverns
  Grum (D:11)
  3 wargs (Orc:1)
  2 steam dragons
  17 vampire mosquitoes
  3 hydra simulacra (Swamp:4)
  12 swamp worms
  3 acid dragons
  A floating eye (Depths:4)
  13 water moccasins
  5 hell hounds (Lair:6)
  6 swamp drakes
  2 sky beasts
  44 orc warriors
  3 swamp dragon zombies (Swamp:4)
  11 ogres
  5 wolves
  2 necrophages
  18 centaurs
  4 boggarts (D:14)
  2 swamp dragon skeletons (Swamp:4)
  18 bullfrogs
  3 gnoll sergeants
  2 scorpions
  A water moccasin zombie (D:5)
  10 killer bees
  2 electric eels
  10 wights
  3 howler monkeys
  A bullfrog zombie (D:7)
  4 centaur zombies
  5 lava snakes (Lair:6)
  10 orc priests
  4 hounds
  20 jellies
  3 centaur skeletons
  2 gnoll shamans
  5 iguanas
  20 orc wizards
  6 hell rats (Lair:4)
  A killer bee zombie (D:8)
  A hound zombie (D:5)
  6 howler monkey zombies
  A howler monkey skeleton (D:7)
  12 gnolls
  10 adders
  2 white imps
  4 worms
  3 dart slugs
  77 orcs
  9 ball pythons
  10 endoplasms
  4 giant cockroaches
  7 goblins
  5 hobgoblins
  8 jackals
  14 kobolds
  A quokka (D:5)
  A bat (D:3)
  7 frilled lizards
  4 rats
1625 creatures vanquished.

Vanquished Creatures (collateral kills)
  Aizul (Swamp:1)
  An ironbound preserver (Vaults:1)
  A vault guard (Vaults:4)
  An ironbound frostheart (Vaults:2)
  A spriggan (Swamp:4)
  A bog body (Swamp:1)
  A glowing orange brain (Vaults:2)
  A vault sentinel (Vaults:2)
  2 hornets
  2 orc warriors (Orc:1)
  2 orcs
14 creatures vanquished.

Vanquished Creatures (others)
  A vampire knight (Depths:3)
  A spriggan berserker (Swamp:4)
  A titan skeleton (Vaults:4)
  A wizard (Vaults:1)
  2 bloated husks
  A tyrant leech (Swamp:2)
  A vampire (D:13)
  A spriggan (Swamp:3)
  2 humans (Lair:6)
  A warg (Orc:2)
  A swamp worm (Swamp:4)
  A nameless horror (Swamp:4)
  An orc (Orc:2)
  22 foxfires
  67 fungi
  108 plants
212 creatures vanquished.

Grand Total: 1851 creatures vanquished

Notes
Turn   | Place    | Note
-------+----------+-------------------------------------------
     0 | D:1      | fiver49 the Draconian Brigand began the quest for the Orb.
     0 | D:1      | Reached XP level 1. HP: 17/17 MP: 1/1
    30 | D:1      | Reached skill level 1 in Dodging
   237 | D:1      | Reached XP level 2. HP: 19/25 MP: 2/2
   446 | D:1      | Found a faded altar of an unknown god.
   897 | D:1      | Reached skill level 3 in Fighting
  1065 | D:2      | Reached skill level 2 in Dodging
  1065 | D:2      | Reached XP level 3. HP: 26/31 MP: 3/3
  2524 | D:3      | Found a stormy altar of Qazlal.
  2526 | D:3      | Found a radiant altar of Vehumet.
  2628 | D:3      | Reached XP level 4. HP: 22/40 MP: 4/4
  3057 | D:3      | Found a hazy altar of Hepliaklqana.
  3339 | D:3      | Reached skill level 4 in Fighting
  3578 | D:4      | Reached skill level 3 in Dodging
  3736 | D:4      | Found a glowing drain.
  3755 | Sewer    | Entered a sewer
  3784 | Sewer    | Reached XP level 5. HP: 36/46 MP: 5/5
  4636 | D:4      | Noticed a necrophage
  4664 | D:4      | Killed a necrophage
  4665 | D:4      | Reached skill level 5 in Fighting
  4665 | D:4      | Reached XP level 6. HP: 45/56 MP: 6/6
  4765 | D:4      | Reached skill level 4 in Dodging
  4872 | D:4      | Found Taeha's Armour Shop.
  5320 | D:5      | Entered Level 5 of the Dungeon
  5832 | D:5      | Found a large runed translucent door.
  5832 | D:5      | Found a large runed translucent door.
  5869 | D:5      | Found a large runed translucent door.
  5869 | D:5      | Found a large runed translucent door.
  5874 | D:5      | Noticed a two-headed ogre
  5875 | D:5      | Noticed a yak
  5924 | D:5      | Reached skill level 6 in Fighting
  5924 | D:5      | Your scales start taking on a fiery red colour.
  5924 | D:5      | Reached XP level 7. HP: 55/63 MP: 7/7
  5924 | D:5      | Gained mutation: Your flesh is heat resistant. (rF+) [Red
                  | Draconian growth]
  5968 | D:5      | Reached skill level 5 in Dodging
  5980 | D:5      | Reached skill level 3 in Short Blades
  6046 | D:5      | Identified the ring "Ytweony" {Fire rCorr Slay+5 Stlth+}
  6097 | D:5      | Reached skill level 4 in Short Blades
  6100 | D:5      | HP: 15/63 [poisoned by a water moccasin]
  6105 | D:5      | HP: 10/63 [poisoned by a water moccasin]
  6117 | D:5      | Reached skill level 5 in Short Blades
  6373 | D:5      | Noticed a yak
  6392 | D:5      | Reached XP level 8. HP: 70/70 MP: 8/8
  6396 | D:5      | Reached skill level 6 in Short Blades
  6448 | D:5      | Got Asodente's Disquisition on Creative Moulding
  6493 | D:5      | Found a staircase to the Ecumenical Temple.
  6512 | Temple   | Entered the Ecumenical Temple
  6711 | D:5      | Reached skill level 7 in Short Blades
  6811 | D:5      | Found Xybil's Jewellery Boutique.
  7173 | D:5      | Killed a two-headed ogre
  7174 | D:5      | Reached skill level 9 in Short Blades
  7174 | D:5      | Reached XP level 9. HP: 75/75 MP: 9/9
  7189 | D:5      | Identified the ring "Qanaj" {rCorr Int+4 Dex+4}
  7197 | D:5      | Identified the +0 pair of boots of Agukimuw {Int+3 Dex+3}
  7237 | D:6      | Noticed Grinder
  7460 | D:6      | Reached skill level 10 in Short Blades
  7554 | D:6      | Reached skill level 1 in Shields
  7598 | D:6      | Noticed Eustachio
  7600 | D:6      | Killed Eustachio
  7709 | D:6      | Reached skill level 4 in Stealth
  7709 | D:6      | Reached skill level 2 in Shields
  7910 | D:6      | Paralysed by Grinder for 5 turns
  7917 | D:6      | Killed Grinder
  8291 | D:7      | Noticed Harold
  8514 | D:6      | Reached skill level 7 in Fighting
  8521 | D:6      | Reached skill level 3 in Shields
  8567 | D:7      | Killed Harold
  8568 | D:7      | Reached skill level 6 in Dodging
  8568 | D:7      | Reached skill level 4 in Shields
  8568 | D:7      | Reached XP level 10. HP: 40/86 MP: 10/10
  8936 | D:7      | Reached skill level 8 in Fighting
  9258 | D:7      | Reached skill level 7 in Dodging
  9875 | D:8      | Identified the +3 pair of gloves "Zioruk" {Int+3}
 10479 | D:8      | Learned a level 3 spell: Ignite Poison
 10507 | D:8      | Reached skill level 9 in Fighting
 10519 | D:8      | Noticed a centaur warrior
 10523 | D:8      | Reached skill level 1 in Fire Magic
 10537 | D:8      | Killed a centaur warrior
 10538 | D:8      | Reached skill level 2 in Fire Magic
 10542 | D:8      | Reached skill level 8 in Dodging
 11020 | D:8      | Identified the ring "Bomn" {Will+ Int+3}
 11114 | D:9      | Identified the +0 pair of boots of Lies {rElec Will+ Dex+8}
 11307 | D:9      | Reached skill level 3 in Fire Magic
 11443 | D:9      | Noticed a two-headed ogre
 11480 | D:9      | Killed a two-headed ogre
 11481 | D:9      | Reached skill level 10 in Fighting
 11481 | D:9      | Reached XP level 11. HP: 87/99 MP: 11/11
 11934 | D:9      | Noticed a two-headed ogre
 11977 | D:9      | Noticed a two-headed ogre
 11995 | D:10     | Entered Level 10 of the Dungeon
 12205 | D:10     | Reached skill level 4 in Fire Magic
 12249 | D:10     | Noticed a two-headed ogre
 12256 | D:10     | Reached skill level 9 in Dodging
 12273 | D:10     | Killed a two-headed ogre
 12516 | D:10     | Noticed an ogre mage
 12528 | D:10     | Killed an ogre mage
 12529 | D:10     | Reached skill level 11 in Fighting
 12529 | D:10     | Reached skill level 5 in Fire Magic
 12556 | D:10     | Noticed a cyan ugly thing
 12559 | D:10     | Noticed a cyan ugly thing
 12582 | D:10     | Killed a cyan ugly thing
 12588 | D:10     | Killed a cyan ugly thing
 12867 | D:10     | Found a staircase to the Lair.
 12888 | Lair:1   | Entered Level 1 of the Lair of Beasts
 12976 | Lair:1   | Reached skill level 1 in Transmutations
 12976 | Lair:1   | Reached skill level 1 in Poison Magic
 13037 | Lair:1   | Reached skill level 1 in Spellcasting
 13314 | Lair:1   | HP: 22/103 [poisoned by a black mamba]
 13317 | Lair:1   | Reached skill level 10 in Dodging
 13327 | Lair:1   | HP: 24/156 [blink frog (1)]
 13335 | Lair:1   | Reached skill level 6 in Fire Magic
 13335 | Lair:1   | Reached XP level 12. HP: 27/111 MP: 14/14
 13522 | Lair:1   | HP: 21/111 [komodo dragon (26)]
 13524 | Lair:1   | Reached skill level 2 in Transmutations
 13877 | Lair:1   | Reached skill level 2 in Poison Magic
 14072 | Lair:1   | Reached skill level 2 in Spellcasting
 14231 | Lair:1   | Identified the +7 plate armour of the Sturgeon {rN+ Str+4
                  | Dex+5}
 14651 | Lair:1   | Reached skill level 12 in Fighting
 15357 | Lair:2   | Noticed a seven-headed hydra
 15459 | Lair:1   | Killed a seven-headed hydra
 15460 | Lair:1   | Reached skill level 3 in Transmutations
 15723 | Lair:2   | Reached skill level 3 in Poison Magic
 15901 | Lair:2   | Noticed a death yak
 15905 | Lair:2   | Noticed a death yak
 15920 | Lair:2   | Killed a death yak
 15921 | Lair:2   | Reached skill level 3 in Spellcasting
 15927 | Lair:2   | Killed a death yak
 16262 | Lair:2   | Noticed a five-headed hydra
 16276 | Lair:2   | Killed a five-headed hydra
 16559 | Lair:2   | Found a staircase to the Swamp.
 16864 | Lair:3   | Reached skill level 4 in Transmutations
 17059 | Lair:3   | Reached skill level 11 in Dodging
 17059 | Lair:3   | Reached skill level 4 in Poison Magic
 17144 | Lair:3   | You fall into a shaft and drop 1 floor!
 17349 | Lair:4   | Reached skill level 13 in Fighting
 17497 | Lair:4   | Noticed a boulder beetle
 17514 | Lair:4   | Reached skill level 4 in Spellcasting
 17514 | Lair:4   | Reached XP level 13. HP: 115/122 MP: 17/19
 18029 | Lair:3   | Found a transporter.
 18031 | Lair:3   | Found a transporter.
 18069 | Lair:3   | Found a hole to the Spider Nest.
 18298 | Lair:3   | Reached skill level 5 in Transmutations
 18309 | Lair:3   | Reached skill level 5 in Poison Magic
 18972 | Lair:4   | Reached skill level 14 in Fighting
 18972 | Lair:4   | Reached skill level 12 in Dodging
 19298 | Lair:4   | Found a runed translucent gate.
 19299 | Lair:4   | Found a runed translucent gate.
 19310 | Lair:4   | Found a runed translucent gate.
 19312 | Lair:4   | Noticed Lutiheq's ghost (journeyman DrTm)
 20595 | Lair:5   | Found a staircase to the Slime Pits.
 21484 | Lair:5   | Learned a level 3 spell: Mephitic Cloud
 21517 | Lair:6   | Entered Level 6 of the Lair of Beasts
 21517 | Lair:6   | Noticed Kirke
 21536 | Lair:5   | Killed Kirke
 21566 | Lair:6   | Reached skill level 1 in Air Magic
 21633 | Lair:6   | Reached XP level 14. HP: 74/133 MP: 13/20
 22088 | Temple   | Became a worshipper of Sif Muna the Loreminder
 22496 | Lair:6   | Reached skill level 15 in Fighting
 22757 | Lair:6   | Reached skill level 2 in Air Magic
 22839 | Lair:6   | Reached skill level 13 in Dodging
 23376 | Lair:6   | Reached skill level 3 in Air Magic
 23539 | Lair:6   | Reached * piety under Sif Muna
 23841 | Lair:6   | Found an ornate altar of the Wu Jian Council.
 23841 | Lair:6   | Found a hide-covered altar of Uskayaw.
 23974 | Lair:6   | Reached skill level 1 in Invocations
 24704 | Lair:6   | Reached skill level 2 in Invocations
 24834 | Lair:6   | Found a large runed translucent door.
 24834 | Lair:6   | Found a large runed translucent door.
 25024 | Lair:6   | Reached skill level 4 in Air Magic
 25404 | D:9      | Reached ** piety under Sif Muna
 25405 | D:9      | Reached skill level 1 in Conjurations
 25416 | D:9      | Paralysed by a hornet for 2 turns
 25462 | D:9      | Reached skill level 16 in Fighting
 25760 | D:11     | Noticed Urug
 25774 | D:11     | Killed Urug
 26056 | D:11     | Reached skill level 3 in Invocations
 26129 | D:11     | Noticed Grum
 26147 | D:11     | Killed Grum
 26217 | D:11     | Noticed Gastronok
 26237 | D:11     | Killed Gastronok
 26238 | D:11     | Reached skill level 2 in Conjurations
 26375 | D:11     | You fall into a shaft and drop 2 floors!
 26816 | D:13     | Noticed Erolcha
 26849 | D:13     | Killed Erolcha
 26850 | D:13     | Reached skill level 14 in Dodging
 26850 | D:13     | Reached XP level 15. HP: 132/144 MP: 21/21
 27495 | D:12     | Identified the +11 trident "Duifua" {pain, rN+}
 27650 | D:12     | Reached skill level 4 in Invocations
 27931 | D:12     | Reached skill level 3 in Conjurations
 28327 | D:12     | Reached *** piety under Sif Muna
 28360 | D:12     | Identified the +4 short sword "Sorinoff" {venom, rElec}
 29411 | D:11     | Found a staircase to the Orcish Mines.
 30031 | D:13     | Found a gate to the Vaults.
 30266 | D:14     | Reached skill level 5 in Invocations
 30273 | D:14     | Reached skill level 4 in Conjurations
 30905 | D:14     | Reached skill level 5 in Stealth
 31243 | D:15     | Entered Level 15 of the Dungeon
 31459 | D:15     | Reached skill level 17 in Fighting
 31616 | D:15     | Learned a level 2 spell: Wereblood
 31986 | D:15     | Reached skill level 5 in Conjurations
 32517 | D:15     | Found a staircase to the Depths.
 32598 | D:15     | Found an opulent altar of Gozag.
 32598 | D:15     | Found Gozag's Platinum Reserve.
 32737 | D:14     | Reached **** piety under Sif Muna
 32738 | D:14     | Reached skill level 6 in Invocations
 32956 | D:15     | HP: 34/147 [slime creature (6)]
 33791 | Orc:1    | Entered Level 1 of the Orcish Mines
 33823 | Orc:1    | Found Babes's Antique Armour Boutique.
 34091 | Orc:2    | Entered Level 2 of the Orcish Mines
 34312 | Orc:2    | Noticed Saint Roka
 34313 | Orc:2    | Reached XP level 16. HP: 118/155 MP: 1/22
 34723 | Spider:1 | Entered Level 1 of the Spider Nest
 34727 | Spider:1 | Learned a level 2 spell: Static Discharge
 34745 | Lair:3   | Reached skill level 15 in Dodging
 34927 | Spider:1 | Reached ***** piety under Sif Muna
 34967 | Spider:1 | Received a gift from Sif Muna
 34984 | Spider:1 | HP: 30/155 [poisoned by a redback]
 36341 | Spider:1 | Identified the +11 quarterstaff of the Snake Pit {vamp,
                  | rCorr Int+5}
 36991 | Spider:2 | Reached skill level 6 in Conjurations
 36997 | Spider:2 | Reached skill level 7 in Invocations
 37561 | Spider:2 | Reached skill level 5 in Air Magic
 37660 | Spider:2 | Reached skill level 5 in Spellcasting
 37688 | Spider:1 | Received a gift from Sif Muna
 38489 | Spider:2 | Identified 2 scrolls of acquirement
 38492 | Spider:2 | Acquired a +3 vorpal double sword
 38522 | Spider:2 | Identified the +3 leather armour of the Barracuda {rElec
                  | rPois rC+}
 38573 | Spider:2 | Reached skill level 8 in Invocations
 38577 | Spider:2 | Reached skill level 1 in Long Blades
 38577 | Spider:2 | Reached skill level 7 in Conjurations
 38822 | Spider:2 | Learned a level 3 spell: Swiftness
 38827 | Spider:2 | Learned a level 4 spell: Airstrike
 38833 | Spider:2 | Learned a level 5 spell: Lightning Bolt
 38938 | Spider:2 | Reached skill level 6 in Air Magic
 39068 | Spider:3 | Reached skill level 2 in Long Blades
 40461 | Spider:3 | Reached skill level 3 in Long Blades
 40631 | Spider:3 | Reached skill level 6 in Spellcasting
 41215 | D:5      | Bought the ring "Akkur" {rElec rF+ SInv} for 432 gold
                  | pieces
 41440 | Spider:4 | Entered Level 4 of the Spider Nest
 41816 | Spider:4 | Acquired 499 gold pieces
 41833 | Spider:3 | Received a gift from Sif Muna
 42048 | Spider:4 | Acquired a book of the Sky
 42239 | Spider:3 | Got Sif Muna's Catalogue of Supportive Malediction {god
                  | gift}
 42245 | Spider:3 | Learned a level 4 spell: Summon Lightning Spire
 42454 | Spider:4 | Reached skill level 4 in Long Blades
 42889 | Spider:4 | Reached XP level 17. HP: 138/162 MP: 22/26
 43658 | Spider:4 | Reached skill level 5 in Long Blades
 43746 | Spider:4 | Reached skill level 7 in Air Magic
 43887 | Spider:4 | Reached skill level 9 in Invocations
 44073 | Spider:4 | Reached skill level 8 in Conjurations
 44939 | Spider:4 | Reached skill level 6 in Long Blades
 45180 | Spider:4 | Reached skill level 7 in Spellcasting
 45722 | Spider:4 | Received a gift from Sif Muna
 45723 | Spider:4 | Got Sif Muna's Papyrus of Attacks and the Rocks {god gift}
 45865 | Spider:4 | Reached skill level 7 in Long Blades
 46020 | Spider:4 | Got a gossamer rune of Zot
 46254 | Swamp:1  | Entered Level 1 of the Swamp
 46280 | Swamp:1  | Noticed Aizul
 46298 | Swamp:1  | Killed Aizul
 46309 | Swamp:1  | HP: 33/162 [acid (8)]
 46317 | Swamp:1  | HP: 24/162 [goliath frog (12)]
 46931 | Swamp:1  | Acquired the +3 warlock's mirror {reflect}
 46932 | Swamp:1  | Found the +3 warlock's mirror {reflect}
 47258 | Swamp:1  | Reached skill level 8 in Air Magic
 47539 | Swamp:2  | Noticed Donald
 47540 | Swamp:2  | Killed Donald
 47674 | Swamp:1  | Reached skill level 9 in Conjurations
 48001 | Swamp:2  | Reached skill level 8 in Long Blades
 49455 | Swamp:3  | Reached skill level 8 in Spellcasting
 49657 | Swamp:3  | Received a gift from Sif Muna
 49662 | Swamp:3  | Got Sif Muna's Guide on Warped Cold {god gift}
 50297 | Swamp:3  | Reached skill level 9 in Long Blades
 50440 | Swamp:3  | Reached XP level 18. HP: 115/166 MP: 26/30
 50689 | Swamp:4  | Entered Level 4 of the Swamp
 51140 | Swamp:4  | Noticed a tentacled monstrosity
 51337 | Swamp:4  | HP: 34/170 [bog body (9)]
 51337 | Swamp:4  | HP: 9/170 [shambling mangrove (12)]
 51345 | Swamp:4  | HP: 37/170 [ghost crab] (8)]
 52757 | Orc:2    | Noticed Josephine
 52764 | Orc:1    | Killed Saint Roka
 52765 | Orc:1    | Reached skill level 1 in Summonings
 52765 | Orc:1    | Reached skill level 9 in Air Magic
 53049 | Orc:1    | Killed Josephine
 53498 | Orc:2    | Found Iseheril's Assorted Antiques.
 53498 | Orc:2    | Found Oskusel's General Store.
 53500 | Orc:2    | Found Kinel's Antique Armour Boutique.
 53502 | Orc:2    | Found Ceghil's Armour Emporium.
 53508 | Orc:2    | Bought a potion of curing for 51 gold pieces
 53509 | Orc:2    | Bought a potion of curing for 105 gold pieces
 53509 | Orc:2    | Bought a wand of digging (9) for 280 gold pieces
 53509 | Orc:2    | Bought a scroll of enchant armour for 262 gold pieces
 53513 | Orc:2    | Bought an ivory dagger for 245 gold pieces
 53513 | Orc:2    | Identified the +12 dagger of a Hundred Songs {drain, Str+3
                  | Int+2 Dex-5} (You bought it in a shop on level 2 of the
                  | Orcish Mines)
 53923 | Orc:2    | Found a staircase to the Elven Halls.
 53997 | Orc:1    | Found Xaicwup's Self-Improvement Boutique.
 54028 | Orc:1    | Bought a manual of Transmutations for 1120 gold pieces
 54336 | Vaults:1 | Entered Level 1 of the Vaults
 54366 | Vaults:1 | Reached skill level 2 in Summonings
 54382 | Vaults:1 | Reached skill level 10 in Long Blades
 54383 | Vaults:1 | HP: 40/170 [green ugly thing[a wizard] (10)]
 54386 | Vaults:1 | Reached skill level 10 in Conjurations
 54387 | Vaults:1 | HP: 19/170 [green ugly thing[a wizard] (6)]
 54928 | Vaults:1 | Received a gift from Sif Muna
 54936 | Vaults:1 | Got Sif Muna's Compendium of Evil Lightness {god gift}
 55060 | Vaults:1 | Reached skill level 3 in Summonings
 55348 | Vaults:1 | HP: 42/170 [poisoned by a tengu reaver (bolt of poison)]
 55356 | Vaults:1 | HP: 40/170 [vault warden (8)]
 55361 | Vaults:1 | HP: 28/170 [poisoned by a vault warden]
 55366 | Vaults:1 | HP: 20/170 [poisoned by a vault warden]
 55371 | Vaults:1 | HP: 17/170 [poisoned by a vault warden]
 55854 | Vaults:1 | Reached skill level 9 in Spellcasting
 55870 | Vaults:1 | HP: 28/170 [vault warden (38)]
 56727 | Vaults:1 | Reached skill level 11 in Long Blades
 56918 | Vaults:1 | Reached skill level 10 in Air Magic
 56962 | Vaults:1 | HP: 35/170 [yaktaur/bolt (17)]
 56967 | Vaults:1 | Received a gift from Sif Muna
 56968 | Vaults:1 | HP: 18/170 [yaktaur (7)]
 56975 | Vaults:1 | HP: 15/170 [wizard/fireball (5)]
 56976 | Vaults:1 | Got Sif Muna's Incunabulum of Conjuration {god gift}
 56983 | Vaults:1 | Learned a level 5 spell: Irradiate
 58079 | Vaults:2 | Reached XP level 19. HP: 144/177 MP: 18/32
 58097 | Vaults:1 | HP: 37/177 [dire elephant[an ironbound beastmaster] (19)]
 58098 | Vaults:1 | HP: 17/177 [dire elephant[an ironbound beastmaster] (20)]
 58877 | Vaults:2 | Reached skill level 11 in Conjurations
 58883 | Vaults:2 | Reached skill level 12 in Long Blades
 58908 | Vaults:2 | Gained mutation: Your tail ends in a poisonous barb.
                  | [mutagenic glow]
 59507 | Vaults:2 | You are sucked into a shaft and drop 2 floors!
 59517 | Vaults:4 | Reached skill level 10 in Spellcasting
 60373 | Vaults:4 | Reached skill level 6 in Transmutations
 60389 | Vaults:4 | Received a gift from Sif Muna
 60397 | Vaults:4 | Reached skill level 11 in Air Magic
 60967 | Vaults:4 | HP: 42/177 [titan simulacrum[a necromancer] (23)]
 61476 | Vaults:4 | Reached skill level 13 in Long Blades
 61822 | Vaults:3 | Identified the +1 quarterstaff of Qazxad {drain, Str+3
                  | Stlth+}
 62166 | Vaults:2 | Reached skill level 7 in Transmutations
 63193 | Vaults:2 | Reached XP level 20. HP: 174/184 MP: 34/34
 63451 | Vaults:3 | Found Ludghil's Antique Armour Shop.
 63567 | Vaults:3 | Received a gift from Sif Muna
 63568 | Vaults:3 | Reached skill level 12 in Conjurations
 63568 | Vaults:3 | Reached skill level 8 in Transmutations
 63637 | Vaults:3 | Got Sif Muna's Guide on the Flamy Birds {god gift}
 63645 | Vaults:3 | Learned a level 5 spell: Fireball
 63653 | Vaults:3 | Learned a level 6 spell: Starburst
 63894 | Vaults:3 | Found a staircase to the Crypt.
 65236 | Vaults:4 | Reached skill level 14 in Long Blades
 65385 | Vaults:4 | Reached skill level 11 in Spellcasting
 65825 | Vaults:1 | Reached skill level 7 in Fire Magic
 66029 | D:5      | Bought a ring of protection from cold for 300 gold pieces
 66438 | Swamp:4  | Paralysed by a hornet for 3 turns
 66918 | Swamp:4  | Reached skill level 12 in Air Magic
 67371 | Swamp:4  | HP: 46/184 [swamp dragon] (3)]
 67826 | Swamp:4  | HP: 44/184 [five-headed hydra (7)]
 67834 | Swamp:4  | HP: 29/184 [swamp dragon/blast of poison (10)]
 67835 | Swamp:3  | HP: 14/184 [poisoned by a swamp dragon (blast of poison)]
 67841 | Swamp:3  | HP: 11/184 [poisoned by a swamp dragon (blast of poison)]
 68697 | Swamp:4  | Received a gift from Sif Muna
 69200 | Swamp:4  | Found a blossoming altar of Fedhas.
 69213 | Swamp:4  | Reached skill level 8 in Fire Magic
 69900 | Swamp:4  | Found a basalt altar of Yredelemnul.
 70069 | Swamp:4  | Got a decaying rune of Zot
 70435 | Depths:1 | Entered Level 1 of the Depths
 71310 | Depths:1 | Found a gateway to Hell.
 71341 | Depths:1 | Reached skill level 15 in Long Blades
 71527 | Depths:1 | You are sucked into a shaft and drop 1 floor!
 71595 | Depths:2 | Reached XP level 21. HP: 150/192 MP: 11/36
 71795 | Depths:2 | Reached skill level 9 in Fire Magic
 72031 | Depths:2 | Reached skill level 13 in Conjurations
 72620 | Depths:2 | Gained mutation: Your spells are a little easier to cast,
                  | but a little less powerful. [mutagenic glow]
 73619 | Depths:1 | Reached skill level 12 in Spellcasting
 73724 | Depths:1 | Reached skill level 13 in Air Magic
 73738 | Depths:1 | Reached skill level 10 in Fire Magic
 73762 | Depths:1 | HP: 43/192 [fire dragon (illusionary)/blast of flame (17)]
 73794 | Depths:1 | HP: 44/192 [fire dragon (8)]
 73796 | Depths:1 | HP: 19/192 [fire dragon (8)]
 73798 | Depths:1 | Received a gift from Sif Muna
 73799 | Depths:1 | Got Sif Muna's Tome of Hurtful Black Secrets {god gift}
 73815 | Depths:1 | HP: 47/192 [rakshasa (illusionary) (1)]
 74347 | Depths:1 | Learned a level 5 spell: Bolt of Magma
 75314 | Depths:2 | Found a one-way gate leading to the halls of Pandemonium.
 75314 | Depths:2 | Noticed the Enchantress
 75323 | Depths:2 | Killed the Enchantress
 75616 | Depths:2 | Found a gateway to a ziggurat.
 76070 | Depths:3 | Found a hazy altar of Hepliaklqana.
 76082 | Depths:3 | You are sucked into a shaft and drop 2 floors!
 76082 | Depths:5 | Entered Level 5 of the Depths
 76083 | Depths:5 | Noticed a golden dragon
 76088 | Depths:5 | Noticed Margery
 76100 | Depths:5 | Gained mutation: You occasionally shout uncontrollably at
                  | your foes. [mutagenic glow]
 76126 | Depths:5 | Gained mutation: Your body sometimes deteriorates upon
                  | taking damage. [mutagenic glow]
 76145 | Depths:5 | HP: 47/192 [ice dragon/blast of cold (12)]
 76520 | Depths:5 | Noticed a golden dragon
 76521 | Depths:5 | Noticed a golden dragon
 76529 | Depths:5 | Killed a golden dragon
 76530 | Depths:5 | Reached skill level 11 in Fire Magic
 76531 | Depths:5 | Killed a golden dragon
 76553 | Depths:5 | Gained mutation: You frequently scream uncontrollably at
                  | your foes. [mutagenic glow]
 76581 | Depths:5 | HP: 14/176 [shadow dragon/bolt of negative energy (35)]
 76591 | Depths:5 | HP: 32/176 [deep troll (2)]
 76606 | Depths:5 | HP: 6/177 [fire dragon/blast of flame (25)]
 76612 | Depths:5 | HP: 16/177 [green draconian (11)]
 76616 | Depths:5 | Noticed a golden dragon
 77069 | Depths:4 | Found a one-way gate to the infinite horrors of the Abyss.
 77147 | Depths:4 | Noticed a golden dragon
 77155 | Depths:4 | Killed a golden dragon
 77156 | Depths:4 | Reached skill level 9 in Transmutations
 77383 | Depths:4 | Found a shimmering altar of Xom.
 77393 | Depths:4 | Found a shimmering altar of Xom.
 77393 | Depths:4 | Found a shimmering altar of Xom.
 77395 | Depths:4 | Found a shimmering altar of Xom.
 77439 | Depths:4 | Reached skill level 14 in Conjurations
 77892 | Depths:3 | Reached XP level 22. HP: 70/200 MP: 4/38
 79284 | Depths:3 | Reached skill level 10 in Transmutations
 79420 | Depths:3 | Reached skill level 14 in Air Magic
 79702 | Depths:3 | Reached skill level 13 in Spellcasting
 80076 | Depths:4 | Reached skill level 12 in Fire Magic
 80502 | Depths:4 | Reached skill level 1 in Earth Magic
 80505 | Depths:4 | HP: 45/191 [green death] (6)]
 80506 | Depths:4 | HP: 18/191 [poisoned by something (poison gas)]
 80512 | Depths:4 | HP: 22/192 [emperor scorpion (1)]
 80515 | Depths:4 | HP: 10/192 [poisoned by an emperor scorpion]
 80520 | Depths:4 | HP: 7/436 [poisoned by an emperor scorpion]
 80523 | Depths:4 | HP: 3/291 [poisoned by an emperor scorpion]
 80988 | Depths:4 | Identified the +2 cloak of Zeraop {Drain rElec rC+ Stlth+}
 81512 | Depths:4 | Reached skill level 11 in Transmutations
 81512 | Depths:4 | Reached skill level 2 in Earth Magic
 82271 | Depths:4 | Reached skill level 3 in Earth Magic
 82468 | Depths:4 | Found a glowing golden altar of the Shining One.
 82513 | Depths:4 | Learned a level 6 spell: Statue Form
 82670 | Depths:5 | Killed a golden dragon
 83191 | Depths:5 | Killed Margery
 83192 | Depths:5 | Reached skill level 4 in Earth Magic
 83195 | Depths:5 | Received a gift from Sif Muna
 83200 | Depths:5 | HP: 54/261 [red draconian scorcher/damnation (28)]
 83201 | Depths:5 | Reached skill level 12 in Transmutations
 83204 | Depths:5 | HP: 15/261 [stone giant/large rock (37)]
 83280 | Depths:5 | Noticed a golden dragon
 83285 | Depths:5 | HP: 43/201 [black draconian/bolt of lightning (13)]
 83294 | Depths:5 | HP: 20/201 [white draconian/blast of cold (6)]
 83331 | Depths:5 | HP: 9/201 [tengu reaver (17)]
 83331 | Depths:5 | HP: 2/201 [tengu reaver (7)]
 83335 | Depths:5 | Slain by a tengu reaver

Illustrated notes

Levels and vault maps discovered:
D:1:      dpeg_arrival_water_temple_mockup, layout_loops_corners,
          dreamdust_ecumenical_altar_hidden_monk_grotto, minmay_distorted
D:2:      layout_basic, minmay_hedge_maze
D:3:      layout_loops_corners, nicolae_overflow_hidden_temple,
          grunt_ministairs_13
D:4:      layout_cave_pools, serial_shops, shop, cheibrodos_sewer_entry_drain
D:5:      layout_basic, minmay_temple_entry_waves, serial_shops,
          nicolae_square_shop, minmay_hollow_rounded_squares
D:6:      layout_loops_ring, uniq_eustachio, uniq_grinder
D:7:      layout_cave_pods, uniq_harold
D:8:      nzn_winding_woodlands_medium [nzn_winding_woodlands_5x5_closed_star,
          nzn_winding_woodlands_5x15_sidewinder,
          nzn_winding_woodlands_hourglass, nzn_winding_woodlands_5x5_three,
          nzn_winding_woodlands_center_diamonds,
          nzn_winding_woodlands_5x5_open_star,
          nzn_winding_woodlands_5x5_default,
          nzn_winding_woodlands_5x15_river_crossing,
          nzn_winding_woodlands_5x5_checkerboard], layout_basic, minivault_23,
          minmay_splitting_lines, abandoned_shop
D:9:      layout_loops_ring, evilmike_minifort
D:10:     minmay_ornate_pinched, layout_loops_ring, lair_entry_dummy
D:11:     layout_basic, orc_0_dummy, corexii_leaking_fountain, uniq_urug,
          uniq_grum, uniq_gastronok
D:12:     layout_loops_ring, nzn_random_ring
D:13:     layout_roguey, david_vaults_5, uniq_erolcha
D:14:     minmay_isolated_rectangles_in_corner, layout_cave_pods
D:15:     hangedman_depths_entry_try_elsewhere_first, layout_basic,
          nicolae_gozag_zags_fifth_avenue
Temple:   compressed_dpeg_circular_temple
Lair:1:   layout_misc_corridors, serial_bayou_shore_b, grunt_megastairs_2,
          minmay_lair_oklob_chamber, lemuel_fruit_tree,
          infiniplex_staircase_pool_2
Lair:2:   layout_cave_shapes, palyth_hydra_swamp_entry, bh_autumn_forest_stairs,
          hangedman_lair_generics_rect
Lair:3:   gammafunk_boulding_lane, layout_loops_ring,
          spider_nest_entry_web_field
Lair:4:   layout_layer_cave, gammafunk_ghost_hydra_chop, grunt_megastairs_1
Lair:5:   wad_woods_structure_01, layout_layer_cave,
          minmay_slime_entry_jelly_boxes, nicolae_quartered_pool_medium,
          serial_bayou_shore_b
Lair:6:   cheibrodos_lair_end_hotspot, layout_loops_ring,
          nzn_masters_of_martial_movement, uniq_kirke
Swamp:1:  layout_basic_swamp, hangedman_swamp_diagram, uniq_aizul
Swamp:2:  layout_falls_marsh, nicolae_swamp_ascending_descending, uniq_donald
Swamp:3:  layout_falls_marsh, evilmike_swamp_ruin_house_4
Swamp:4:  byrel_swamp_growth_death_and_undeath, layout_basic_swamp, swamp_pool5,
          infiniplex_staircase_pool
Spider:1: layout_spider_delve
Spider:2: layout_spider_delve
Spider:3: layout_spider_delve
Spider:4: grunt_spider_rune_parallel, portal_ice_cave_entry_ugly_swarm
Orc:1:    layout_caves, serial_shops, shop, nicolae_shop_self_help
Orc:2:    st_orc_rangers, layout_caves, uniq_josephine, uniq_saint_roka
Vaults:1: v_misc_9, v_misc_14, ontoclasm_vaults_twist, v_misc_31,
          v_alt_pattern_5, hangedman_vaults_pinch, nicolae_vaults_rhombus_7,
          dpeg_vaults_monster_row, v_misc_3, nicolae_vaults_little_squares_2,
          layout_vaults_omnigrid
Vaults:2: ontoclasm_vaults_loading_screen, vaults_room_stairs_pillars,
          nicolae_vaults_circle_grid_a, vaults_room_fours, v_rooms_2,
          nicolae_vaults_little_squares_1, v_misc_10,
          nicolae_vaults_circle_grid_a, grunt_vaults_trifunnel, v_misc_22,
          nicolae_vaults_gold_heap, nicolae_vaults_circle_grid_a,
          nicolae_vaults_network_s, nicolae_vaults_little_squares_2,
          layout_vaults_maze
Vaults:3: grunt_vaults_diagonal, minmay_crypt_entry_simple_corners,
          grunt_vaults_hallway_short, nicolae_vaults_triangles, v_misc_2,
          hangedman_vaults_restitches, v_rooms_3, vaults_room_fours,
          vaults_dpeg_ring, layout_vaults_ring, serial_shops, nicolae_shop_trees
Vaults:4: nicolae_vaults_hallways_thing, hangedman_vaults_restitches, v_misc_4,
          vaults_room_grid, hangedman_vaults_restitches, ontoclasm_vaults_tryst,
          v_misc_28, v_rooms_4, v_misc_12, vaults_room_semicircle,
          ontoclasm_vaults_pinch, nicolae_vaults_specimen_jars,
          layout_vaults_big_cross
Depths:1: evilmike_hourglass, layout_gridlike, hangedman_decor_clover_reticule,
          serial_corexii_hall, corexii_hall_statues_deadend,
          corexii_hall_statues_x, corexii_hall_statues_i,
          chequers_hall_statues_wall_a, grunt_mini_vestibule, kennysheep_potato
Depths:2: minmay_curly_fans, layout_basic, enter_ziggurat_b,
          pf_hell_entry_tar_river, hangedman_decor_points,
          rand_demon_pan_entry_9, minmay_staircase_windowed_large,
          uniq_enchantress
Depths:3: minmay_box_of_statues, layout_basic, hellmouth_1, pan_entry,
          nicolae_hepliaklqana_hazy_memory, minmay_variable_closet,
          lightli_fourway_metalbox
Depths:4: cheibrodos_poisonous_passages, layout_cave_shapes, pan_entry,
          nicolae_tso_swordbearing_angel, hangedman_coc_ice_floe, abyss_entry,
          drop_trap, xom_redecorated
Depths:5: lemuel_castle_with_subvaults [lemuel_castle_interior_carwin_2],
          layout_basic, rand_demon_pan_entry_7, hell_entry, minmay_shop_grove,
          uniq_margery

Skill      XL: |  1  2  3  4  5  6  7  8  9 10 11 12 13 14 15 16 17 18 19 20 21 22 |
---------------+-------------------------------------------------------------------+-----
Dodging        | 1 2 3 4 5 6 8 10 11 12 14 15 | 15.0
Fighting       | 3 4 5 6 7 10 11 13 14 16 17 | 17.8
Short Blades   | 5 9 10 | 10.0
Shields        | 4 |  4.0
Stealth        | 4 5 |  5.0
Fire Magic     | 3 6 8 11 12 | 12.7
Transmutations | 1 4 5 7 8 9 12 | 12.0
Poison Magic   | 1 4 5 |  5.0
Spellcasting   | 1 4 6 8 9 10 11 12 13 | 13.5
Air Magic      | 1 4 6 8 10 11 12 13 14 | 14.0
Invocations    | 3 6 8 9 |  9.0
Conjurations   | 2 5 7 9 10 11 12 14 | 14.9
Long Blades    | 4 9 11 13 15 | 15.0
Summonings     | 3 |  3.0
Earth Magic    | 4 |  4.3
Throwing       | |  1.7

Action                   |  1- 3 |  4- 6 |  7- 9 | 10-12 | 13-15 | 16-18 | 19-21 | 22-24 || total
-------------------------+-------+-------+-------+-------+-------+-------+-------+-------++-------
Melee: Dagger            |   109 |   255 |   186 |   803 |  2001 |  1773 |       |       ||  5127
       Tailslap          |     9 |    24 |    40 |   201 |   570 |   465 |   376 |    95 ||  1780
       Staff             |       |       |       |       |       |     2 |       |       ||     2
       Double sword      |       |       |       |       |       |    56 |  1143 |   318 ||  1517
Throw: Dart              |    26 |    46 |    34 |   164 |   173 |   399 |    93 |    22 ||   957
       Boomerang         |       |     4 |       |       |       |     6 |       |       ||    10
 Cast: Ignite Poison     |       |       |       |     4 |    75 |   158 |   106 |    20 ||   363
       Mephitic Cloud    |       |       |       |       |    19 |    53 |     2 |       ||    74
       Wereblood         |       |       |       |       |     2 |       |       |       ||     2
       Static Discharge  |       |       |       |       |       |    38 |    10 |       ||    48
       Airstrike         |       |       |       |       |       |    10 |     4 |     1 ||    15
       Lightning Bolt    |       |       |       |       |       |    79 |    40 |    12 ||   131
       Summon Lightning  |       |       |       |       |       |    19 |     8 |     3 ||    30
       Swiftness         |       |       |       |       |       |     1 |     1 |     1 ||     3
       Irradiate         |       |       |       |       |       |       |    97 |    40 ||   137
       Fireball          |       |       |       |       |       |       |    83 |    11 ||    94
       Bolt of Magma     |       |       |       |       |       |       |    34 |    38 ||    72
       Starburst         |       |       |       |       |       |       |    20 |    13 ||    33
       Statue Form       |       |       |       |       |       |       |       |     3 ||     3
Invok: Channel Magic     |       |       |       |       |     3 |     3 |     4 |     2 ||    12
       Forget Spell      |       |       |       |       |       |       |     1 |       ||     1
 Abil: Breathe Fire      |       |       |    14 |    23 |    13 |    86 |    29 |       ||   165
Evoke: Wand              |       |       |       |     6 |       |     5 |     1 |     3 ||    15
  Use: Scroll            |       |       |       |    10 |    13 |    32 |    11 |    10 ||    76
       Potion            |       |       |       |     3 |       |    13 |     8 |     8 ||    32
 Stab: Sleeping          |     3 |     6 |     5 |    14 |    21 |    10 |    11 |     1 ||    71
       Distracted        |       |       |       |     2 |     1 |     4 |     4 |     2 ||    13
       Invisible         |       |       |       |     2 |       |       |       |       ||     2
       Petrified         |       |       |       |       |     1 |       |       |       ||     1
       Confused          |       |       |       |       |     3 |    19 |       |       ||    22
       Held in net/web   |       |       |       |       |       |     1 |       |       ||     1
Armor: Skin              |    18 |    67 |    32 |   143 |   245 |   572 |   383 |   154 ||  1614
Dodge: Dodged            |    37 |   122 |    75 |   323 |   912 |  1824 |  1110 |   348 ||  4751
Block: Buckler           |       |       |    33 |   169 |   478 |   850 |   563 |   172 ||  2265
       Reflection        |       |       |       |       |       |    72 |    45 |    17 ||   134
       Rpst.: Double sword |       |       |       |       |       |     7 |   188 |    39 ||   234

Table legend: (Time is in decaauts)
 A = Elapsed time spent in this place.
 B = Non-inter-level travel time spent in this place.
 C = Inter-level travel time spent in this place.
 D = Time resting spent in this place.
 E = Time spent auto-exploring this place.
 F = Levels seen in this place.
 G = Mean time per level.
                   A        B        C        D        E       F      G
               +--------+--------+--------+--------+--------+-----+--------+
         Total |  80957 |  76443 |   4514 |  14293 |  49343 |  42 | 1927.5 |
       Dungeon |  21175 |  19339 |   1836 |   1571 |  14887 |  15 | 1411.7 |
        Temple |    107 |     80 |     27 |      0 |     77 |   1 |  107.0 |
          Lair |  14060 |  12931 |   1129 |   2065 |   8966 |   6 | 2343.3 |
         Swamp |   8873 |   8491 |    382 |   3900 |   3159 |   4 | 2218.2 |
   Spider Nest |   9107 |   8749 |    358 |   2630 |   4049 |   4 | 2276.8 |
  Orcish Mines |   2966 |   2915 |     51 |   1130 |   1065 |   2 | 1483.0 |
        Vaults |  11243 |  10778 |    465 |   1380 |   7839 |   4 | 2810.8 |
        Depths |  12454 |  12191 |    263 |   1614 |   8542 |   5 | 2490.8 |
         Sewer |    968 |    968 |      0 |      0 |    757 |   1 |  968.0 |
               +--------+--------+--------+--------+--------+-----+--------+

Top non-repeatable levels by time:
Vaults:1: 4178 daAuts
Depths:3: 3711 daAuts
 Swamp:3: 3454 daAuts
Spider:4: 3329 daAuts
Spider:3: 3085 daAuts
Depths:4: 2755 daAuts
  Lair:3: 2734 daAuts
Depths:2: 2673 daAuts
    D:15: 2630 daAuts
  Lair:6: 2548 daAuts
Vaults:4: 2501 daAuts
  Lair:2: 2477 daAuts
  Lair:1: 2396 daAuts
Vaults:3: 2283 daAuts
Vaults:2: 2279 daAuts

Table legend:
 A = Kills in this place as a percentage of kills in entire the game.
 B = Kills by you in this place as a percentage of kills by you in the entire game.
 C = Kills by friends in this place as a percentage of kills by friends in the entire game.
 D = Other kills in this place as a percentage of other kills in the entire game.
 E = Experience gained in this place as a percentage of experience gained in the entire game.
 F = Experience gained in this place divided by the number of levels of this place that you have seen.
                   A       B       C       D       E      F
               +-------+-------+-------+-------+-------+----------------------
         Total | 100.0 | 100.0 | 100.0 | 100.0 | 100.0 | 19729.1
       Dungeon |  21.9 |  22.1 |   0.0 |  15.0 |   9.6 | 5276.0
          Lair |  15.3 |  15.6 |   0.0 |   0.0 |   9.6 | 13281.2
         Swamp |   9.8 |   9.4 |  35.7 |  20.0 |  10.9 | 22555.0
   Spider Nest |  14.0 |  14.0 |   0.0 |  20.0 |  10.9 | 22675.8
  Orcish Mines |   7.8 |   7.4 |  28.6 |  20.0 |   2.5 | 10393.5
        Vaults |  15.6 |  15.4 |  35.7 |  20.0 |  24.6 | 50948.0
        Depths |  14.3 |  14.5 |   0.0 |   5.0 |  31.9 | 52844.6
         Sewer |   1.4 |   1.4 |   0.0 |   0.0 |   0.0 |  72.0
               +-------+-------+-------+-------+-------+----------------------
